 Dungeon Crawl Stone Soup version 0.31-a0-180-g519b7de00c (webtiles) character file.

Game seed: 12499515649172520498

436 qw the Shooter (level 7, -10/66 HPs)
             Began as a Naga Hunter on June 20, 2023.
             Mangled by an ogre
             ... wielding a +0 giant club
              (19 damage)
             ... on level 4 of the Dungeon.
             The game lasted 00:00:56 (3170 turns).

qw the Shooter (Naga Hunter)                        Turns: 3170, Time: 00:00:56

Health: -10/66     AC:  5    Str: 14    XL:     7   Next: 1%
Magic:  7/7        EV: 10    Int:  9    God:
Gold:   180        SH:  0    Dex: 22    Spells: 6/6 levels left

rFire   + . .        Y - +1 shortbow
rCold   . . .        (shield currently unavailable)
rNeg    + . .        b - +1 robe {rF+}
rPois   +            (no helmet)
rElec   .            k - +0 cloak
rCorr   .            (no gloves)
SInv    +            (no barding)
Will    .....        (no amulet)
Stlth   ++           f - +6 ring of dexterity
HPRegen 0.31/turn    l - ring of positive energy
MPRegen 0.10/turn

%: no passive effects
@: short of breath, very slow
A: AC +2, large, see invisible, deformed body, poison resistance, slowness 2,
spit poison 1, naga tail 1
a: Spit Poison


You were on level 4 of the Dungeon.
You visited 1 branch of the dungeon, and saw 4 of its levels.

You collected 180 gold pieces.


Innate Abilities, Weirdness & Mutations

Your serpentine skin is tough. (AC +2)
You have supernaturally acute eyesight. (SInv)
Armour fits poorly on your strangely shaped body.
Your system is resistant to poisons. (rPois)
You cover ground very slowly.
You can spit poison.
You have a snake-like lower body.


   Skills:
 - Level 4.4 Fighting
 + Level 6.2 Ranged Weapons
 - Level 2.0 Dodging
 - Level 1.5 Stealth


You had 6 spell levels left.
You didn't know any spells.
Your spell library was empty.

Inventory:

Hand Weapons
 Y - a +1 shortbow (weapon)
Armour
 b - a +1 robe of fire resistance (worn)
 k - a +0 cloak (worn)
Jewellery
 f - a +6 ring of dexterity (left hand)
 l - a ring of positive energy (right hand)
Potions
 a - a potion of ambrosia {unknown}
 c - a potion of degeneration {unknown}
 d - a potion of haste {unknown}
 e - a potion of curing
 h - a potion of heal wounds {unknown}
 j - a potion of berserk rage {unknown}
 m - a potion of enlightenment {unknown}

Dungeon Overview and Level Annotations

Branches:
Dungeon (4/15)
 Temple: D:4-7

Altars:
Cheibriados
Yredelemnul


Message History

Enter note:
Enter note:
Enter note:
3161 ||| INVOKING Spit Poison.
Aiming: Spit Poison (1% risk of failure)
Press: ? - help, Shift-Dir - straight line, f - iguana The splash of poison misses the iguana.
You shoot an arrow. The arrow hits the iguana!
The iguana is severely wounded.
You shoot an arrow. The arrow closely misses the iguana.
The arrow hits the ogre.
The ogre is moderately wounded.
The iguana misses you.
You shoot an arrow. The arrow closely misses the iguana.
The iguana hisses menacingly.
The iguana bites you.
You shoot an arrow. The arrow hits the iguana.
The iguana is almost dead.
The iguana closely misses you. The ogre barely misses you.
You shoot an arrow.
The arrow hits the iguana but does no damage.
The iguana is almost dead.
The iguana bites you.
The ogre hits you with a +0 giant club!!
You shoot an arrow. The arrow hits the iguana!
You kill the iguana!
You have got your breath back.
The ogre hits you with a +0 giant club.
You have reached level 7!
3168 ||| INVOKING Spit Poison.
Aiming: Spit Poison (1% risk of failure)
Press: ? - help, Shift-Dir - straight line, f - ogre The splash of poison misses the ogre.
You shoot an arrow. The arrow hits the ogre!
The ogre is severely wounded.
The ogre hits you with a +0 giant club!!
You shoot an arrow. The arrow hits the ogre.
The ogre is severely wounded.
The ogre hits you with a +0 giant club!!
You die...

.........############
.........#..........#
######'###..........#
#..............#
#####......[...#####...
#...............#
#..........####.#
#..........##..
#.....O@......#
#......#####..#
#....%##J..##.#
#.....#O#.#.#.#
#####...#|#...# .#.
.#.#.# .## ..##.# ###
..


You could see an ogre and a jelly.

Vanquished Creatures
  Sigmund (D:2)
  A phantom (D:4)
  A howler monkey (D:3)
  Natasha (twice) (D:2)
  An iguana (D:4)
  3 adders
  3 orcs (D:3)
  2 endoplasms
  6 giant cockroaches
  9 goblins
  4 hobgoblins
  6 jackals (D:3)
  2 quokkas
  9 ball pythons
  4 bats (D:1)
  3 frilled lizards
  5 kobolds
  3 rats
65 creatures vanquished.

Notes
Turn   | Place    | Note
-------+----------+-------------------------------------------
     0 | D:1      | qw the Naga Hunter began the quest for the Orb.
     0 | D:1      | Reached XP level 1. HP: 19/19 MP: 1/1
     0 | D:1      | 0 ||| qw: Version: 0.3-a-9-g12657ce
     0 | D:1      | 0 ||| qw: Game counter: 1138
     0 | D:1      | 0 ||| qw: Always use a shield: true
     0 | D:1      | 0 ||| qw: God list: Okawaru
     0 | D:1      | 0 ||| qw: Allow faded altars: false
     0 | D:1      | 0 ||| qw: Do Orc after D:15 true
     0 | D:1      | 0 ||| qw: Do second Lair branch before Depths: true
     0 | D:1      | 0 ||| qw: Lair rune preference: random
     0 | D:1      | 0 ||| qw: Plans: Normal
     0 | D:1      | 0 ||| PLANNING D:1-11
     8 | D:1      | 8 ||| INVOKING Spit Poison.
    44 | D:1      | 44 ||| INVOKING Spit Poison.
   158 | D:1      | 158 ||| INVOKING Spit Poison.
   162 | D:1      | 162 ||| INVOKING Spit Poison.
   165 | D:1      | 165 ||| INVOKING Spit Poison.
   275 | D:1      | 275 ||| INVOKING Spit Poison.
   276 | D:1      | Reached skill level 4 in Ranged Weapons
   276 | D:1      | Reached XP level 2. HP: 26/26 MP: 2/2
   391 | D:1      | 391 ||| INVOKING Spit Poison.
   417 | D:1      | 417 ||| INVOKING Spit Poison.
   422 | D:1      | 422 ||| INVOKING Spit Poison.
   513 | D:1      | 513 ||| INVOKING Spit Poison.
   519 | D:1      | 519 ||| INVOKING Spit Poison.
   529 | D:1      | 529 ||| INVOKING Spit Poison.
   836 | D:1      | 836 ||| UPGRADING to +6 ring of dexterity.
   837 | D:1      | 837 ||| READING scroll labelled VYKUGEVEONG.
   838 | D:1      | 838 ||| DROPPING scroll of butterflies.
   861 | D:2      | 861 ||| INVOKING Spit Poison.
   864 | D:2      | 864 ||| INVOKING Spit Poison.
   869 | D:2      | Noticed Sigmund
   871 | D:2      | 871 ||| INVOKING Spit Poison.
   872 | D:2      | 872 ||| INVOKING Spit Poison.
   873 | D:2      | Killed Sigmund
   874 | D:2      | Reached skill level 6 in Ranged Weapons
   874 | D:2      | Reached XP level 3. HP: 15/32 MP: 3/3
   874 | D:2      | Reached XP level 4. HP: 19/39 MP: 4/4
   874 | D:2      | Reached XP level 5. HP: 22/45 MP: 5/5
   962 | D:2      | Found a faded altar of an unknown god.
   967 | D:2      | 967 ||| INVOKING Spit Poison.
   993 | D:2      | 993 ||| INVOKING Spit Poison.
  1122 | D:2      | 1122 ||| INVOKING Spit Poison.
  1363 | D:2      | Noticed Natasha
  1366 | D:2      | 1366 ||| INVOKING Spit Poison.
  1370 | D:2      | 1370 ||| INVOKING Spit Poison.
  1372 | D:2      | Killed Natasha
  1539 | D:2      | 1539 ||| INVOKING Spit Poison.
  1541 | D:2      | Reached XP level 6. HP: 55/55 MP: 6/6
  1554 | D:2      | 1554 ||| INVOKING Spit Poison.
  1788 | D:2      | Found a snail-covered altar of Cheibriados.
  1789 | D:2      | Noticed Natasha
  1790 | D:2      | 1790 ||| INVOKING Spit Poison.
  1793 | D:2      | 1793 ||| INVOKING Spit Poison.
  1798 | D:2      | 1798 ||| INVOKING Spit Poison.
  1798 | D:2      | Killed Natasha
  1799 | D:2      | Reached skill level 3 in Fighting
  2066 | D:2      | 2066 ||| UPGRADING to +1 robe of fire resistance.
  2076 | D:2      | 2076 ||| DROPPING +0 leather armour.
  2077 | D:2      | 2077 ||| DRINKING 2 fuming amethyst potions.
  2118 | D:3      | 2118 ||| INVOKING Spit Poison.
  2135 | D:3      | 2135 ||| INVOKING Spit Poison.
  2138 | D:3      | 2138 ||| INVOKING Spit Poison.
  2171 | D:3      | 2171 ||| INVOKING Spit Poison.
  2183 | D:3      | 2183 ||| INVOKING Spit Poison.
  2194 | D:3      | 2194 ||| INVOKING Spit Poison.
  2204 | D:3      | 2204 ||| INVOKING Spit Poison.
  2258 | D:3      | Found a basalt altar of Yredelemnul.
  2297 | D:3      | 2297 ||| INVOKING Spit Poison.
  2300 | D:3      | 2300 ||| INVOKING Spit Poison.
  2431 | D:3      | 2431 ||| INVOKING Spit Poison.
  2435 | D:3      | 2435 ||| INVOKING Spit Poison.
  2442 | D:3      | 2442 ||| INVOKING Spit Poison.
  2447 | D:3      | 2447 ||| INVOKING Spit Poison.
  2609 | D:3      | 2609 ||| INVOKING Spit Poison.
  2622 | D:3      | 2622 ||| INVOKING Spit Poison.
  2629 | D:3      | 2629 ||| INVOKING Spit Poison.
  2791 | D:3      | 2791 ||| UPGRADING to +0 cloak.
  2796 | D:3      | 2796 ||| READING scroll labelled ROLUWO JAHUNOZ.
  2887 | D:3      | 2887 ||| READING 2 scrolls labelled LYIP PECEEHE.
  2888 | D:3      | 2888 ||| READING scroll labelled WUILICW ZEOSCHI.
  2889 | D:3      | 2889 ||| READING scroll labelled SIF DYIPPIE.
  2890 | D:3      | 2890 ||| READING scroll labelled XYKIHY SEEBUDUALL.
  2891 | D:3      | 2891 ||| DROPPING scroll of vulnerability.
  2966 | D:4      | 2966 ||| INVOKING Spit Poison.
  2969 | D:4      | 2969 ||| INVOKING Spit Poison.
  3143 | D:4      | 3143 ||| DROPPING scarf of invisibility.
  3144 | D:4      | 3144 ||| UPGRADING to ring of positive energy.
  3145 | D:4      | 3145 ||| READING scroll labelled KOT TE RAHIUF.
  3151 | D:4      | 3151 ||| INVOKING Spit Poison.
  3161 | D:4      | 3161 ||| INVOKING Spit Poison.
  3168 | D:4      | Reached XP level 7. HP: 27/66 MP: 7/7
  3168 | D:4      | 3168 ||| INVOKING Spit Poison.
  3169 | D:4      | HP: 9/66 [ogre/+0 giant club (19)]
  3170 | D:4      | Mangled by an ogre

Levels and vault maps discovered:
D:1:      spicycebolla_arrival_xxxplode, layout_loops_corners
D:2:      layout_basic, nicolae_ecumenical_snake_handling, basic_altar,
          st_stairs_14, chequers_serial_rivers_room_a, uniq_natasha,
          uniq_sigmund
D:3:      layout_loops_ring, mainiacjoe_overflow_alcove_4, serial_bayou_pond_a,
          minmay_misc_feat_four_crosses
D:4:      layout_basic, marbit_many_paths, minmay_checkerbox

Skill      XL: |  1  2  3  4  5  6 |
---------------+-------------------+-----
Ranged Weapons | 4 6 |  6.2
Fighting       | 4 |  4.4
Dodging        | 2 |  2.0
Stealth        | |  1.5

Action                     |  1- 3 |  4- 6 |  7- 9 || total
---------------------------+-------+-------+-------++-------
   Fire: Shortbow          |    29 |    92 |     2 ||   123
Ability: Spit Poison       |    15 |    30 |     1 ||    46
    Use: Scroll            |     1 |     6 |       ||     7
         Potion            |       |     1 |       ||     1
 Armour: Leather armour    |     3 |     5 |       ||     8
         Robe              |       |     7 |       ||     7
  Dodge: Dodged            |     6 |    23 |       ||    29

Table legend:
 A = Non-vault XP
 B = Vault XP
 C = Vault XP percentage of total XP
 D = Non-vault monster count
 E = Vault monster count
 F = Vault count percentage of total count
                 A         B        C        D         E       F
            +---------+---------+-------+---------+---------+-------
      Total |     206 |     417 |  66.9 |      56 |       9 |  13.8
            +---------+---------+-------+---------+---------+-------
        D:1 |      25 |       0 |   0.0 |      16 |       0 |   0.0
        D:2 |      68 |     277 |  80.3 |      15 |       7 |  31.8
        D:3 |     106 |       0 |   0.0 |      21 |       0 |   0.0
        D:4 |       7 |     140 |  95.2 |       4 |       2 |  33.3
            +---------+---------+-------+---------+---------+-------
